 Dungeon Crawl Stone Soup version 0.21-a0-273-g0785366 (webtiles) character file.

184 mhoghedin the Spear-Bearer (level 5, -2/38 HPs)
             Began as a Merfolk Gladiator on Sept 16, 2017.
             Was a Believer of Zin.
             Slain by a gnoll
             ... wielding a +0 whip
              (4 damage)
             ... on level 4 of the Dungeon.
             The game lasted 00:04:44 (1882 turns).

mhoghedin the Spear-Bearer (Merfolk Gladiator)      Turns: 1882, Time: 00:04:45

Health: -2/38      AC:  4    Str: 16    XL:     5   Next: 64%
Magic:  3/5        EV: 14    Int:  9    God:    Zin [**....]
Gold:   133        SH:  0    Dex: 16    Spells: 4/4 levels left

rFire    . . .     SeeInvis .   a - +0 trident
rCold    . . .     Gourm    .   (no shield)
rNeg     . . .     Faith    .   b - +0 leather armour
rPois    ∞         Spirit   .   c - +0 helmet
rElec    .         Reflect  .   (no cloak)
rCorr    .         Harm     .   (no gloves)
MR       +....                  (no boots)
Stlth    +.........             e - amulet of rage
HPRegen  0.12/turn              p - ring of protection from magic
MPRegen  0.09/turn              (no ring)

@: lethally poisoned (-2 -> -2), vitalised, berserk cooldown, slowed, very slow
A: change form in water, swift swim, stealthy swim
a: Recite, Vitalisation, Donate Gold, Renounce Religion, Evoke Berserk Rage


You were on level 4 of the Dungeon.
You worshipped Zin.
Zin was pleased with you.
You were hungry.

You visited 1 branch of the dungeon, and saw 4 of its levels.

You collected 147 gold pieces.
You donated 14 gold pieces to Zin.

Inventory:

Hand Weapons
 a - a +0 trident (weapon)
Missiles
 d - 2 throwing nets (quivered)
Armour
 b - a +0 leather armour (worn)
 c - a +0 helmet (worn)
Jewellery
 e - an amulet of rage (around neck)
 p - a ring of protection from magic (left hand)
Scrolls
 g - a scroll of blinking {unknown}
 i - 3 scrolls of noise {unknown}
 k - a scroll of identify {unknown}
 m - a scroll of teleportation {unknown}
 n - 2 scrolls of remove curse {unknown}
 s - a scroll of magic mapping {unknown}
 t - a scroll of amnesia {unknown}
 w - a scroll of random uselessness {unknown}
 x - a scroll of fog {unknown}
Potions
 h - 2 potions of degeneration {unknown}
 j - a potion of curing {unknown}
 o - a potion of flight {unknown}
 q - a potion of heal wounds {unknown}
 r - a potion of magic {unknown}
 u - a potion of berserk rage {unknown}
 z - a potion of haste {unknown}
Comestibles
 f - 5 bread rations
 l - 3 fruits
 v - a meat ration


   Skills:
 - Level 2.1 Fighting
 + Level 8.6 Polearms
 - Level 2.0 Throwing
 - Level 0.4 Armour
 - Level 4.0 Dodging
 - Level 0.5 Stealth


You had 4 spell levels left.
You didn't know any spells.

Dungeon Overview and Level Annotations

Branches:
Dungeon (4/15)
 Temple: D:4-7

Altars:
Zin


Message History

The gnoll is heavily wounded.
The gnoll hits you with a whip.
* * * LOW HITPOINT WARNING * * *
You hit the gnoll but do no damage.
The gnoll is heavily wounded.
The gnoll barely misses you.
You closely miss the gnoll.
The gnoll is heavily wounded.
The gnoll hits you with a whip.
* * * LOW HITPOINT WARNING * * *
Unknown command.
Okay, then.
Unknown command.
Throwing (i - inventory):
d - 3 throwing nets (quivered)
Press: ? - help, Shift-Dir - straight line, f - gnoll
Aim: a gnoll, wielding a whip (heavily wounded)
You throw a throwing net.
The throwing net barely misses the gnoll.
The gnoll hits you with a whip.
You die...

### #..###+## ....
#....)..# ....
#.......# .....
#.......# ..... #..#
#.# ......
#..###@######
......#+###..#.)g.<...#
......g...#..'........#
......ag..#..##.(###..#
.......g..#..###+# ..#
..........#...# ...
..........g...# ....
..........#..## ##..
.........>#### ##


You could see a gnoll.

Vanquished Creatures
  2 worker ants (D:4)
  2 gnolls (D:4)
  3 adders
  3 oozes
  3 dart slugs
  2 leopard geckos
  2 orcs (D:3)
  A ball python (D:1)
  9 bats
  A giant cockroach (D:3)
  10 goblins
  3 hobgoblins
  11 jackals
  5 kobolds
  5 frilled lizards
  7 rats
69 creatures vanquished.

Notes
Turn   | Place    | Note
-------+----------+-------------------------------------------
     0 | D:1      | mhoghedin the Merfolk Gladiator began the quest for the Orb.
     0 | D:1      | Reached XP level 1. HP: 16/16 MP: 1/1
    26 | D:1      | Reached skill level 5 in Polearms
    30 | D:1      | Reached XP level 2. HP: 21/22 MP: 2/2
   105 | D:1      | Reached XP level 3. HP: 27/27 MP: 3/3
   375 | D:1      | Reached skill level 6 in Polearms
   755 | D:2      | Reached XP level 4. HP: 33/33 MP: 4/4
  1064 | D:3      | Reached skill level 7 in Polearms
  1780 | D:3      | Found a faded altar of an unknown god.
  1799 | D:3      | Became a worshipper of Zin the Law-Giver
  1799 | D:3      | Reached * piety under Zin
  1799 | D:3      | Reached ** piety under Zin
  1859 | D:4      | Reached XP level 5. HP: 18/38 MP: 2/5
  1863 | D:4      | Reached skill level 8 in Polearms
  1882 | D:4      | Slain by a gnoll

Vault maps used:
D:1:      lemuel_arrival_room
D:3:      chequers_ecumenical_altar_twisty, nrook_loot_triangle
D:4:      first_bread, uniq_natasha

Skill      XL: |  1  2  3  4  5 |
---------------+----------------+-----
Polearms       | 5 6 7 8 |  8.6
Fighting       | |  2.1
Throwing       | |  2.0
Armour         | |  0.4
Dodging        | |  4.0
Stealth        | |  0.5

Action                   |  1- 3 |  4- 6 || total
-------------------------+-------+-------++-------
Melee: Trident           |   115 |    93 ||   208
Throw: Throwing net      |       |     1 ||     1
Invok: Recite            |       |     1 ||     1
       Vitalisation      |       |     1 ||     1
 Abil: Evoke Berserk Rag |       |     1 ||     1
 Stab: Sleeping          |     1 |     1 ||     2
  Eat: Chunk             |       |     3 ||     3
Armor: Leather armour    |    15 |    25 ||    40
Dodge: Dodged            |    61 |    67 ||   128

Table legend:
 A = Spawn XP
 B = Non-spawn XP
 C = Spawn XP percentage of total XP
 D = Spawn monster count
 E = Non-spawn monster count
 F = Spawn count percentage of total count
 G = Total turns spent on level
                    A         B        C        D         E        F      G
               +---------+---------+-------+---------+---------+-------+---------
         Total |       0 |     264 |   0.0 |       0 |      69 |   0.0 |  1882
               +---------+---------+-------+---------+---------+-------+---------
           D:1 |       0 |      57 |   0.0 |       0 |      27 |   0.0 |   589
           D:2 |       0 |      42 |   0.0 |       0 |      19 |   0.0 |   406
           D:3 |       0 |      52 |   0.0 |       0 |      16 |   0.0 |   830
           D:4 |       0 |     113 |   0.0 |       0 |       7 |   0.0 |    57
               +---------+---------+-------+---------+---------+-------+---------
